 Dungeon Crawl Stone Soup version 0.27.0-1-g7a089689b8 (webtiles) character file.

Game seed: 10481967576622526743

323 robertstho the Magician (level 6, -10/43 HPs)
             Began as a Djinni Fire Elementalist on Aug 11, 2021.
             Killed by divine providence
             ... invoked by an orc priest
              (13 damage)
             ... on level 5 of the Dungeon.
             The game lasted 00:07:15 (5481 turns).

robertstho the Magician (Djinni Fire Elementalist)  Turns: 5481, Time: 00:07:15

Health: -10/43     AC:  2    Str:  7    XL:     6   Next: 77%
Gold:   20         EV: 16    Int: 18    God:
                   SH:  0    Dex: 14

rFire    + + .     SeeInvis .   p - +1 morningstar (holy)
rCold    x . .     Faith    .   (no shield)
rNeg     . . .     Spirit   .   a - +0 robe
rPois    ∞         Reflect  .   (no helmet)
rElec    .         Harm     .   (no cloak)
rCorr    .         Rampage  .   (no gloves)
Will     .....                  (boots unavailable)
Stlth    ++........             (no amulet)
HPRegen  0.14/turn              m - +4 ring of evasion
MPRegen  0.00/turn              (no ring)

@: flying
A: sickness immunity, fire resistance 2, cold vulnerability 1, float, innate
caster, hp casting, extra vitality 1
a: no special abilities


You were on level 5 of the Dungeon.
You visited 1 branch of the dungeon, and saw 5 of its levels.

You collected 183 gold pieces.
You spent 163 gold pieces at shops.

Inventory:

Hand Weapons
 c - a +0 dagger
 p - a +1 morningstar of holy wrath (weapon)
Armour
 a - a +0 robe (worn)
Jewellery
 b - an amulet of reflection
 m - a +4 ring of evasion (left hand)
Scrolls
 e - a scroll of fog
 h - 2 scrolls of immolation
 j - a scroll of enchant weapon {unknown}
 l - 2 scrolls of fear {unknown}
Potions
 d - a potion of resistance
 f - a potion of flight
 g - a potion of haste {unknown}
 i - 2 potions of magic {unknown}
 k - a potion of mutation {unknown}
 o - 3 potions of attraction


   Skills:
 * Level 2.2 Fighting
 + Level 2.5 Dodging
 + Level 2.3 Stealth
 * Level 4.7 Spellcasting


You couldn't memorise any spells.
You knew the following spells:

 Your Spells              Type           Power      Damage    Failure   Level
a - Foxfire               Conj/Fire      84%        2x1d8     1%          1
b - Conjure Flame         Conj/Fire      21%        6-21      6%          3
c - Inner Flame           Hex/Fire       21%        N/A       6%          3
d - Sticky Flame          Conj/Fire      21%        2d4       19%         4
e - Fireball              Conj/Fire      10%        3d6       47%         5
f - Pain                  Necr           84%        1d8       1%          1
g - Static Discharge      Conj/Air       21%        N/A       3%          2
Your spell library was empty.

Dungeon Overview and Level Annotations

Branches:
Dungeon (5/15)
 Temple: D:4-7

Altars:
Fedhas
Wu Jian

Shops:
D:1 *   D:2 ?=*((   D:3 =   D:4 *


Innate Abilities, Weirdness & Mutations

You are immune to sickness and miasma.
You are immune to poison.
Your flesh is very heat resistant. (rF++)
You are vulnerable to cold. (rC-)
You float through the air rather than walking.
You learn spells naturally, not from books.
Your magical power is your life essence.
You have superior vitality. (+4 HP)


Message History

The foxfire hits the orc priest.
The orc priest is lightly wounded.
The foxfire hits the orc.
The orc is heavily wounded.
The orc priest invokes the aid of Beogh against you.
Pain shoots through your body!
Casting: Foxfire (safe; 1% risk of failure)
Press: ? - help, Q - select action, (/) - cycle Dir - look around, f - activate You conjure some foxfire!
The foxfire hits the orc but does no damage.
The orc is heavily wounded.
The foxfire hits the orc!
You kill the orc!
Casting: Foxfire (safe; 1% risk of failure)
Press: ? - help, Q - select action, (/) - cycle Dir - look around, f - activate You conjure some foxfire!
The foxfire hits the orc.
The orc is heavily wounded.
The foxfire hits the orc priest.
The orc priest is moderately wounded.
The orc priest calls down the wrath of Beogh upon you.
Beogh smites you!
* * * LOW HITPOINT WARNING * * *
You feel better.
The foxfire hits the orc.
You kill the orc!
The foxfire hits the orc priest.
The orc priest is heavily wounded.
You feel better.
The orc priest hits you with a +0 hand axe.
* * * LOW HITPOINT WARNING * * *
You aren't carrying any items that you can evoke.
As you read the scroll labelled CAET OKKUPHU, it crumbles to dust.
The scroll dissolves into smoke.
It was a scroll of fog.
The orc priest hits you with a +0 hand axe.
* * * LOW HITPOINT WARNING * * *
It was a potion of flight.
You feel more buoyant.
The orc priest invokes the aid of Beogh against you.
Beogh smites you!
You die...

#...#
#?....#...#
#.....#...#
#.....#...#
###.....#...##
........#....#
......§§#....#
.....§§§#...##
......§@#...##
.....§o§§§..<#
.....§§§#§..##
........#...#
........#...#
###.....#...+
#.....#...#
#.....#...#
+.....#...#


You could see an orc priest.

Vanquished Creatures
  An ogre (D:4)
  A hound (D:4)
  2 orc priests (D:4)
  An orc wizard (D:4)
  4 adders
  An adder skeleton (D:4)
  2 worms (D:4)
  A dart slug (D:2)
  9 orcs
  4 ball pythons
  6 endoplasms
  4 giant cockroaches
  3 goblins
  6 hobgoblins
  4 jackals (D:2)
  5 quokkas
  9 bats
  4 frilled lizards
  7 kobolds
  A quokka skeleton (D:4)
  3 rats
78 creatures vanquished.

Vanquished Creatures (others)
  350 foxfires
350 creatures vanquished.

Grand Total: 428 creatures vanquished

Notes
Turn   | Place    | Note
-------+----------+-------------------------------------------
     0 | D:1      | robertstho the Djinni Fire Elementalist began the quest for
                  | the Orb.
     0 | D:1      | Reached XP level 1. HP: 15/15 MP: 0/0
   624 | D:1      | Found Dimuyxki's General Store.
   712 | D:1      | Reached XP level 2. HP: 21/22 MP: 0/0
  1740 | D:2      | Found Feede Hoipi's Magic Scroll Shop.
  1743 | D:2      | Bought a scroll of identify for 28 gold pieces
  1743 | D:2      | Bought a scroll of noise for 14 gold pieces
  1796 | D:2      | Found Bom Zegh's Weapon Emporium.
  1801 | D:2      | Reached skill level 3 in Spellcasting
  1801 | D:2      | Reached XP level 3. HP: 21/26 MP: 0/0
  1801 | D:2      | Learned a level 1 spell: Pain
  1910 | D:2      | Found Pikohoh's Jewellery Emporium.
  1992 | D:2      | Found Rataut's Assorted Antiques.
  2324 | D:2      | Found Julyge's Antique Weapon Emporium.
  2541 | D:2      | Reached skill level 1 in Fighting
  2541 | D:2      | Reached XP level 4. HP: 28/32 MP: 0/0
  2871 | D:2      | Found a faded altar of an unknown god.
  3147 | D:3      | Found an ornate altar of the Wu Jian Council.
  3291 | D:3      | Found a blossoming altar of Fedhas.
  3548 | D:3      | Found Xuanud's Jewellery Shoppe.
  4167 | D:4      | Reached XP level 5. HP: 34/38 MP: 0/0
  4167 | D:4      | Learned a level 2 spell: Static Discharge
  4286 | D:4      | Found Xuwa's General Store.
  4411 | D:4      | Bought a scroll of immolation for 35 gold pieces
  4411 | D:4      | Bought a potion of curing for 30 gold pieces
  4557 | D:2      | Bought a scroll of identify for 28 gold pieces
  4557 | D:2      | Bought a scroll of identify for 28 gold pieces
  4754 | D:4      | Reached skill level 4 in Spellcasting
  4754 | D:4      | Reached XP level 6. HP: 29/43 MP: 0/0
  5335 | D:4      | Noticed an ogre
  5341 | D:4      | Killed an ogre
  5458 | D:5      | Entered Level 5 of the Dungeon
  5477 | D:5      | HP: 1/43 [orc priest/divine providence (12)]
  5481 | D:5      | Killed from afar by an orc priest

Illustrated notes

Levels and vault maps discovered:
D:1:      nzn_arrival_crosshair, layout_loops_ring, serial_shops, shop,
          serial_bayou_crossing
D:2:      layout_loops_ring, dreamdust_ecumenical_altar_angels_and_demons,
          serial_shops, nicolae_shop_waterfront, nicolae_shop_behind_doors,
          nicolae_shop_crystal, nicolae_shop_trees, nicolae_shop_trees,
          nrook_loot_triangle, minmay_joined_circles
D:3:      layout_rooms, mainiacjoe_overflow_catch_the_wave, serial_shops,
          nicolae_shop_behind_doors
D:4:      layout_basic, cheibrodos_sewer_entry_bend, serial_shops, shop,
          kennysheep_minor_cross
D:5:      layout_gridville, minmay_temple_entry_grid, serial_bayou_pond_a,
          uniq_duvessa, uniq_edmund, uniq_menkaure

Skill      XL: |  1  2  3  4  5  6 |
---------------+-------------------+-----
Spellcasting   | 3 4 |  4.7
Fighting       | 1 2 |  2.2
Stealth        | 2 |  2.3
Dodging        | |  2.5

Action                   |  1- 3 |  4- 6 || total
-------------------------+-------+-------++-------
Melee: Dagger            |       |     1 ||     1
       Morningstar       |       |     2 ||     2
 Cast: Foxfire           |    74 |   142 ||   216
  Use: Scroll            |     2 |     7 ||     9
       Potion            |       |     4 ||     4
Armor: Robe              |     4 |     3 ||     7
Dodge: Dodged            |    11 |    15 ||    26
